 Dungeon Crawl Stone Soup version 0.31-a0-180-g519b7de00c (webtiles) character file.

Game seed: 9954796778907628644

396 qw the Shooter (level 6, 0/57 HPs)
             Began as a Naga Hunter on June 20, 2023.
             Was an Initiate of Okawaru.
             Succumbed to a water moccasin's poison
             ... on level 5 of the Dungeon.
             The game lasted 00:01:20 (3198 turns).

qw the Shooter (Naga Hunter)                        Turns: 3198, Time: 00:01:20

Health: 0/57       AC:  4    Str: 13    XL:     6   Next: 83%
Magic:  6/6        EV: 10    Int:  9    God:    Okawaru [......]
Gold:   139        SH:  0    Dex: 17    Spells: 5/5 levels left

rFire   . . .        Y - +0 shortbow
rCold   . . .        (shield currently unavailable)
rNeg    . . .        c - +0 leather armour
rPois   +            (no helmet)
rElec   .            (no cloak)
rCorr   .            i - +0 pair of gloves
SInv    +            (no barding)
Will    .....        (no amulet)
Stlth   ++           (no ring)
HPRegen 0.29/turn    (no ring)
MPRegen 0.10/turn

%: no passive effects
@: lethally poisoned (0 -> -14), very slow
A: AC +2, large, see invisible, deformed body, poison resistance, slowness 2,
spit poison 1, naga tail 1
a: Spit Poison, Renounce Religion


You were on level 5 of the Dungeon.
You worshipped Okawaru.
Okawaru was noncommittal.
You visited 2 branches of the dungeon, and saw 6 of its levels.

You collected 139 gold pieces.


Innate Abilities, Weirdness & Mutations

Your serpentine skin is tough. (AC +2)
You have supernaturally acute eyesight. (SInv)
Armour fits poorly on your strangely shaped body.
Your system is resistant to poisons. (rPois)
You cover ground very slowly.
You can spit poison.
You have a snake-like lower body.


   Skills:
 - Level 4.0 Fighting
 - Level 6.3 Ranged Weapons
 + Level 1.9 Dodging
 - Level 1.5 Stealth


You had 5 spell levels left.
You didn't know any spells.
Your spell library was empty.

Inventory:

Hand Weapons
 Y - a +0 shortbow (weapon)
Armour
 c - a +0 leather armour (worn)
 i - a +0 pair of gloves (worn)
Scrolls
 a - a scroll of identify
 d - 2 scrolls of fear {unknown}
Potions
 b - a potion of mutation
 e - a potion of might
 f - a potion of brilliance {unknown}
 g - a potion of enlightenment {unknown}
 h - a potion of cancellation {unknown}
 j - a potion of lignification {unknown}

Dungeon Overview and Level Annotations

Branches:
Dungeon (5/15)             Temple (1/1) D:4

Altars:
Ashenzari
Cheibriados
Elyvilon
Fedhas
Gozag
Hepliaklqana
Kikubaaqudgha
Makhleb
Okawaru
Qazlal
Ru
Sif Muna
Trog
Uskayaw
Vehumet
Xom
Yredelemnul
Zin


Message History

You shoot an arrow.
The arrow closely misses the water moccasin.
You feel sick.
The water moccasin completely misses you.
The water moccasin closely misses you.
You shoot an arrow.
The arrow barely misses the water moccasin.
You feel very sick. The water moccasin bites you!
You are more poisoned.
The water moccasin poisons you!
You shoot an arrow.
The arrow hits the water moccasin but does no damage.
The water moccasin is severely wounded.
You feel very sick. The water moccasin barely misses you.
The water moccasin closely misses you.
You shoot an arrow. The arrow hits the water moccasin.
The water moccasin is almost dead.
You feel very sick. The water moccasin bites you.
You shoot an arrow.
The arrow hits the water moccasin but does no damage.
The water moccasin is almost dead.
You feel very sick. The water moccasin bites you.
You are lethally poisoned!
The water moccasin poisons you! The water moccasin bites you.
You shoot an arrow.
The arrow hits the water moccasin but does no damage.
The water moccasin is almost dead.
You feel extremely sick. The water moccasin misses you.
The water moccasin completely misses you.
You shoot an arrow.
The arrow closely misses the water moccasin.
You feel very sick. The water moccasin bites you.
You shoot an arrow.
The arrow closely misses the water moccasin.
You die...

#.# ###+##. #.# ###
#.# #.#. ..# #.#
#.#.##.## #.#
#.#.#... ...
#.#.#..##### #.#
#.#.#...<..# #.# #
#.#......#.###.#.#
#.##...#.#%...@S.#
#..'...+.#####......#
####...### ######..#
#...# . #####


You could see a water moccasin.

Vanquished Creatures
  An ogre (D:4)
  A jelly (D:4)
  An orc priest (D:5)
  2 hounds (D:4)
  An iguana (D:4)
  An orc wizard (D:5)
  3 adders (D:3)
  An ufetubus (D:4)
  A worm (D:3)
  A dart slug (D:1)
  12 orcs
  12 ball pythons
  8 endoplasms
  A giant cockroach (D:2)
  11 goblins
  8 hobgoblins
  2 jackals (D:2)
  9 kobolds
  3 quokkas
  13 bats
  12 frilled lizards
  3 rats
107 creatures vanquished.

Notes
Turn   | Place    | Note
-------+----------+-------------------------------------------
     0 | D:1      | qw the Naga Hunter began the quest for the Orb.
     0 | D:1      | Reached XP level 1. HP: 19/19 MP: 1/1
     0 | D:1      | 0 ||| qw: Version: 0.3-a-9-g12657ce
     0 | D:1      | 0 ||| qw: Game counter: 1150
     0 | D:1      | 0 ||| qw: Always use a shield: true
     0 | D:1      | 0 ||| qw: God list: Okawaru
     0 | D:1      | 0 ||| qw: Allow faded altars: false
     0 | D:1      | 0 ||| qw: Do Orc after D:15 true
     0 | D:1      | 0 ||| qw: Do second Lair branch before Depths: true
     0 | D:1      | 0 ||| qw: Lair rune preference: random
     0 | D:1      | 0 ||| qw: Plans: Normal
     0 | D:1      | 0 ||| PLANNING D:1-11
    40 | D:1      | 40 ||| INVOKING Spit Poison.
    47 | D:1      | 47 ||| INVOKING Spit Poison.
    67 | D:1      | 67 ||| INVOKING Spit Poison.
    70 | D:1      | 70 ||| INVOKING Spit Poison.
    72 | D:1      | Reached skill level 4 in Ranged Weapons
    72 | D:1      | Reached XP level 2. HP: 19/26 MP: 2/2
    75 | D:1      | 75 ||| INVOKING Spit Poison.
   112 | D:1      | 112 ||| INVOKING Spit Poison.
   124 | D:1      | 124 ||| INVOKING Spit Poison.
   148 | D:1      | 148 ||| INVOKING Spit Poison.
   158 | D:1      | 158 ||| INVOKING Spit Poison.
   161 | D:1      | 161 ||| INVOKING Spit Poison.
   175 | D:1      | 175 ||| INVOKING Spit Poison.
   176 | D:1      | Reached XP level 3. HP: 32/32 MP: 3/3
   189 | D:1      | 189 ||| INVOKING Spit Poison.
   213 | D:1      | 213 ||| INVOKING Spit Poison.
   267 | D:1      | 267 ||| INVOKING Spit Poison.
   278 | D:1      | 278 ||| INVOKING Spit Poison.
   321 | D:1      | 321 ||| INVOKING Spit Poison.
   405 | D:1      | 405 ||| INVOKING Spit Poison.
   409 | D:1      | 409 ||| Stepping ~*~*~tactically~*~*~ (outnumbered).
   410 | D:1      | 410 ||| INVOKING Spit Poison.
   415 | D:1      | 415 ||| INVOKING Spit Poison.
   421 | D:1      | 421 ||| INVOKING Spit Poison.
   425 | D:1      | 425 ||| INVOKING Spit Poison.
   428 | D:1      | 428 ||| INVOKING Spit Poison.
   634 | D:1      | 634 ||| READING scroll labelled VIF ITRISORIRE.
   635 | D:1      | 635 ||| READING scroll labelled YSTRAO OQAUHUO.
   638 | D:1      | 638 ||| DROPPING scroll of butterflies.
   646 | D:2      | 646 ||| INVOKING Spit Poison.
   677 | D:2      | 677 ||| INVOKING Spit Poison.
   683 | D:2      | 683 ||| INVOKING Spit Poison.
   708 | D:2      | 708 ||| INVOKING Spit Poison.
   753 | D:2      | 753 ||| INVOKING Spit Poison.
   758 | D:2      | 758 ||| INVOKING Spit Poison.
   764 | D:2      | 764 ||| INVOKING Spit Poison.
   765 | D:2      | Reached skill level 5 in Ranged Weapons
   765 | D:2      | Reached XP level 4. HP: 39/39 MP: 4/4
   822 | D:2      | 822 ||| INVOKING Spit Poison.
   825 | D:2      | 825 ||| INVOKING Spit Poison.
   830 | D:2      | 830 ||| INVOKING Spit Poison.
   856 | D:2      | 856 ||| INVOKING Spit Poison.
  1046 | D:2      | 1046 ||| DROPPING amulet of magic regeneration.
  1047 | D:2      | 1047 ||| DROPPING ring of flight.
  1062 | D:3      | 1062 ||| INVOKING Spit Poison.
  1068 | D:3      | 1068 ||| INVOKING Spit Poison.
  1073 | D:3      | 1073 ||| INVOKING Spit Poison.
  1133 | D:3      | 1133 ||| INVOKING Spit Poison.
  1136 | D:3      | 1136 ||| INVOKING Spit Poison.
  1140 | D:3      | 1140 ||| INVOKING Spit Poison.
  1179 | D:3      | Found a radiant altar of Vehumet.
  1224 | D:3      | 1224 ||| INVOKING Spit Poison.
  1242 | D:3      | 1242 ||| INVOKING Spit Poison.
  1251 | D:3      | Found a white marble altar of Elyvilon.
  1254 | D:3      | Found a hide-covered altar of Uskayaw.
  1302 | D:3      | 1302 ||| INVOKING Spit Poison.
  1459 | D:3      | 1459 ||| INVOKING Spit Poison.
  1462 | D:3      | 1462 ||| INVOKING Spit Poison.
  1486 | D:3      | 1486 ||| INVOKING Spit Poison.
  1489 | D:3      | 1489 ||| INVOKING Spit Poison.
  1493 | D:3      | 1493 ||| INVOKING Spit Poison.
  1497 | D:3      | Reached skill level 3 in Fighting
  1703 | D:3      | 1703 ||| INVOKING Spit Poison.
  1724 | D:3      | 1724 ||| INVOKING Spit Poison.
  1752 | D:3      | 1752 ||| INVOKING Spit Poison.
  1756 | D:3      | 1756 ||| INVOKING Spit Poison.
  1834 | D:3      | Found a faded altar of an unknown god.
  1930 | D:3      | 1930 ||| READING 2 scrolls labelled RODAEC KEMMEDGH.
  1953 | D:4      | 1953 ||| INVOKING Spit Poison.
  1968 | D:4      | 1968 ||| INVOKING Spit Poison.
  1972 | D:4      | Reached XP level 5. HP: 49/49 MP: 5/5
  1974 | D:4      | 1974 ||| INVOKING Spit Poison.
  2003 | D:4      | 2003 ||| INVOKING Spit Poison.
  2009 | D:4      | 2009 ||| INVOKING Spit Poison.
  2018 | D:4      | 2018 ||| INVOKING Spit Poison.
  2021 | D:4      | 2021 ||| INVOKING Spit Poison.
  2039 | D:4      | 2039 ||| INVOKING Spit Poison.
  2092 | D:4      | 2092 ||| INVOKING Spit Poison.
  2117 | D:4      | Found a staircase to the Ecumenical Temple.
  2118 | D:4      | 2118 ||| PLANNING TEMPLE
  2118 | D:4      | 2118 ||| UPGRADING to +0 pair of gloves.
  2123 | D:4      | 2123 ||| READING scroll labelled INUOPO FUCWUA.
  2124 | D:4      | 2124 ||| READING 3 scrolls of identify.
  2124 | D:4      | 2124 ||| IDENTIFYING blue potion
  2125 | D:4      | 2125 ||| READING 2 scrolls of identify.
  2125 | D:4      | 2125 ||| IDENTIFYING viscous white potion
  2131 | Temple   | Entered the Ecumenical Temple
  2133 | Temple   | 2133 ||| PLANNING OKAWARU WORSHIP
  2182 | Temple   | Became a worshipper of Warmaster Okawaru
  2183 | Temple   | 2183 ||| PLANNING D:1-11
  2195 | D:4      | Noticed an ogre
  2196 | D:4      | 2196 ||| INVOKING Spit Poison.
  2200 | D:4      | Killed an ogre
  2201 | D:4      | Reached skill level 6 in Ranged Weapons
  2201 | D:4      | Reached XP level 6. HP: 53/56 MP: 6/6
  2207 | D:4      | 2207 ||| INVOKING Spit Poison.
  2210 | D:4      | 2210 ||| INVOKING Spit Poison.
  2226 | D:4      | 2226 ||| INVOKING Spit Poison.
  2229 | D:4      | 2229 ||| INVOKING Spit Poison.
  2236 | D:4      | 2236 ||| INVOKING Spit Poison.
  2243 | D:4      | 2243 ||| INVOKING Spit Poison.
  2587 | D:4      | Found a bloodstained altar of Trog.
  2588 | D:4      | 2588 ||| INVOKING Spit Poison.
  2648 | D:5      | Entered Level 5 of the Dungeon
  2649 | D:5      | 2649 ||| INVOKING Spit Poison.
  2653 | D:5      | 2653 ||| STAIRDANCE
  2655 | D:4      | 2655 ||| INVOKING Spit Poison.
  2660 | D:4      | 2660 ||| INVOKING Spit Poison.
  2664 | D:4      | 2664 ||| INVOKING Spit Poison.
  2761 | D:5      | 2761 ||| STAIRDANCE
  2763 | D:4      | 2763 ||| INVOKING Spit Poison.
  2767 | D:4      | HP: 10/56 [orc/+0 flail (9)]
  2768 | D:4      | 2768 ||| READING scroll of teleportation.
  2769 | D:4      | 2769 ||| INVOKING Spit Poison.
  2770 | D:4      | HP: 2/57 [orc/+0 flail (9)]
  2984 | D:5      | 2984 ||| INVOKING Spit Poison.
  2988 | D:5      | 2988 ||| INVOKING Spit Poison.
  2997 | D:5      | 2997 ||| Stepping ~*~*~tactically~*~*~ (outnumbered).
  2999 | D:5      | 2999 ||| Stepping ~*~*~tactically~*~*~ (outnumbered).
  3001 | D:5      | 3001 ||| INVOKING Spit Poison.
  3005 | D:5      | 3005 ||| INVOKING Spit Poison.
  3008 | D:5      | 3008 ||| INVOKING Spit Poison.
  3176 | D:5      | 3176 ||| INVOKING Spit Poison.
  3184 | D:5      | Noticed a water moccasin
  3196 | D:5      | HP: 10/57 [poisoned by a water moccasin]
  3197 | D:5      | HP: 4/57 [water moccasin (3)]
  3198 | D:5      | Succumbed to a water moccasin's poison

Levels and vault maps discovered:
D:1:      dpeg_arrival_three_same_balls, layout_basic, minmay_lizard_king
D:2:      layout_rooms
D:3:      layout_loops_ring, mainiacjoe_overflow_surrounded_room,
          mainiacjoe_overflow_large_starburst, shapermc_ecumenical_altar_venn,
          minmay_box_of_dots
D:4:      layout_rooms, lightli_temple_of_fire, minmay_temple_entry_hall
D:5:      layout_basic, kennysheep_little_box, kennysheep_mini_moat,
          minmay_hedge_maze
Temple:   nicolae_temple_ecumenical_triangle

Skill      XL: |  1  2  3  4  5  6 |
---------------+-------------------+-----
Ranged Weapons | 4 5 6 |  6.3
Fighting       | 3 4 |  4.0
Dodging        | |  1.9
Stealth        | |  1.5

Action                     |  1- 3 |  4- 6 || total
---------------------------+-------+-------++-------
   Fire: Shortbow          |    81 |   150 ||   231
Ability: Spit Poison       |    29 |    51 ||    80
    Use: Scroll            |     2 |     5 ||     7
 Armour: Leather armour    |     6 |    28 ||    34
  Dodge: Dodged            |    21 |    56 ||    77

Table legend:
 A = Non-vault XP
 B = Vault XP
 C = Vault XP percentage of total XP
 D = Non-vault monster count
 E = Vault monster count
 F = Vault count percentage of total count
                 A         B        C        D         E       F
            +---------+---------+-------+---------+---------+-------
      Total |     544 |      23 |   4.1 |      97 |      10 |   9.3
            +---------+---------+-------+---------+---------+-------
        D:1 |      53 |       9 |  14.5 |      31 |       9 |  22.5
        D:2 |      26 |       0 |   0.0 |      16 |       0 |   0.0
        D:3 |      60 |      14 |  18.9 |      19 |       1 |   5.0
        D:4 |     324 |       0 |   0.0 |      27 |       0 |   0.0
        D:5 |      81 |       0 |   0.0 |       4 |       0 |   0.0
            +---------+---------+-------+---------+---------+-------
